Map: Ever Dream LE

Players

Serral - Winner!

  • Race: Zerg Zerg
  • Spawn Location: 7:00

HellraiseR

  • Race: Protoss Protoss
  • League: Master
  • Spawn Location: 1:00

Event: StayAtHomestory Cup #2

VOD

Have the link to the VOD?

Description

Time

  • Played on: June 11, 2020, 5:51 a.m.
  • Length: 13:40

All games in this series

Show
View Real Time Build Order
Export as new Build Order

Serral Zerg - Winner!

Build Orders: Pool First 

Get SALT Encoding   

  12  0:17  Spawning Pool  
  11  0:21  Drone  
  11  0:27  Drone  
  13  0:31  Drone  
  14  0:40  Overlord  
  14  1:04  Zergling x6  
  16  1:05  Queen  
  19  1:16  Zergling x2  
  20  1:29  Hatchery  
  19  1:33  Zergling x2  
  20  1:40  Drone  
  21  1:47  Overlord  
  21  2:01  Drone  
  21  2:06  Queen  
  24  2:09  Drone  
  24  2:13  Drone x2  
  27  2:16  Drone  
  28  2:24  Drone  
  26  2:34  Zergling x2  
  27  2:41  Queen  
  27  2:42  Zergling x2  
  30  2:44  Drone x2  
  30  2:49  Overlord  
  32  2:58  Drone x2  
  34  3:03  Drone  
  35  3:06  Extractor  
  35  3:10  Extractor  
  35  3:12  Extractor  
  33  3:19  Drone x2  
  33  3:20  Drone x2  
  33  3:21  Drone  
  33  3:23  Drone  
  33  3:25  Drone  
  31  3:34  Drone  
  31  3:35  Drone  
  33  3:44  Queen  
  33  3:48  Zergling x2  
  35  3:55  Drone x2  
  35  3:56  Drone  
  35  4:09  Drone x3  
  37  4:13  Drone  
  38  4:22  Drone x2  
  40  4:28  Lair  
  40  4:32  Evolution Chamber  
  40  4:36  Overlord  
  39  4:38  Drone  
  41  4:47  Roach Warren  
  41  4:48  Evolution Chamber, Drone  
  41  4:50  Drone  
  41  4:53  Drone  
  41  4:55  Drone  
  43  5:00  Drone x2  
  43  5:06  Overlord  
  45  5:16  Hatchery  
  44  5:24  Drone x3  
  44  5:26  Glial Reconstitution  
  47  5:29  Roach  
  47  5:32  Overseer  
  47  5:34  Roach  
  51  5:36  Roach  
  51  5:41  Roach x2  
  57  5:44  Evolution Chamber  
  57  5:48  Overlord  
  57  5:49  Roach  
  57  6:00  Roach  
  57  6:01  Roach  
  59  6:06  Roach  
  59  6:10  Roach x3  
  65  6:24  Evolution Chamber  
  61  6:27  Roach x4  
  61  6:39  Drone x2  
  59  6:41  Drone x4  
  59  6:46  Drone x3, Overseer  
  67  6:53  Drone x3  
  70  6:55  Spore Crawler  
  70  6:57  Drone  
  70  7:02  Queen  
  70  7:07  Drone x2  
  74  7:12  Extractor, Zerg Missile Weapons Level 1  
  74  7:15  Drone  
  74  7:16  Overlord  
  74  7:19  Overlord  
  74  7:38  Drone x4  
  74  7:42  Roach x5  
  74  7:43  Roach  
  90  7:46  Extractor, Overlord x2  
  89  8:02  Evolution Chamber  
  88  8:07  Drone  
  88  8:09  Drone x3  
  88  8:10  Drone  
  94  8:13  Roach x3  
  94  8:14  Roach  
  94  8:17  Roach x2  
  106  8:23  Overlord x2  
  106  8:24  Overlord  
  106  8:25  Overlord x2  
  106  8:28  Overlord  
  106  8:30  Overlord  
  106  8:43  Drone x2  
  106  8:44  Drone x2  
  106  8:45  Drone x4  
  114  8:49  Overlord  
  114  8:53  Drone  
  114  8:54  Extractor  
  114  8:55  Overlord  
  114  8:59  Queen  
  116  9:06  Roach x6  
  116  9:07  Ravager  
  116  9:08  Ravager  
  130  9:11  Zerg Missile Weapons Level 2  
  130  9:18  Ravager x2  
  132  9:27  Roach, Ravager x6  
  140  9:31  Overlord  
  140  9:34  Metabolic Boost  
  140  9:35  Zergling x18  
  147  9:48  Overlord  
  147  9:49  Overlord  
  145  9:53  Ravager  
  145  9:54  Zergling x8, Ravager x2  
  152  10:00  Overlord  
  152  10:01  Hatchery  
  148  10:13  Hatchery  
  148  10:14  Zergling x22  
  142  10:22  Ravager x2  
  142  10:23  Ravager  
  142  10:24  Baneling Nest  
  142  10:26  Ravager x2  
  145  10:28  Zergling x6  
  147  10:36  Zergling x14  
  132  10:53  Zergling x10  
  132  10:54  Zergling x4  
  131  11:02  Roach x5, Zergling x6  
  135  11:08  Centrifical Hooks  
  131  11:13  Roach  
  131  11:14  Roach, Zergling x4  
  136  11:23  Ravager x4  
  140  11:27  Drone x3, Unknown, Zerg Melee Weapons Level 1  
  140  11:29  Ravager  
  140  11:31  Zergling x20  
  137  11:47  Roach x2, Zergling x2  
  137  11:48  Roach x2  
  141  11:54  Roach x3  
  141  12:01  Roach x2, Zergling x20  
  137  12:04  Baneling x2  
  137  12:05  Baneling x7  
  147  12:10  Drone  
  147  12:11  Drone x3  
  147  12:13  Ravager x3  
  154  12:19  Ravager  
  154  12:20  Zergling x8  
  159  12:26  Baneling x7  
  159  12:31  Zergling x12  
  164  12:38  Ravager x2  
  164  12:39  Ravager  
  165  12:46  Overlord  
  165  12:47  Zergling x18  
  174  12:51  Baneling x2  
  174  12:53  Baneling x9  
  174  12:54  Baneling  
  174  12:57  Baneling x3  
  173  12:58  Zergling x2  
  173  12:59  Zergling x2  
  174  13:09  Zergling x2  
  174  13:10  Zergling x16  
  175  13:13  Drone x2  
  175  13:16  Baneling x6  
  175  13:17  Baneling x2  
  176  13:20  Ravager x3  
  176  13:22  Zergling x6  
  176  13:23  Baneling  
  176  13:24  Baneling x2  
Show
View Real Time Build Order
Export as new Build Order

HellraiseR Protoss 

Build Orders:  

Get SALT Encoding   

  12  0:00  Probe  
  13  0:12  Probe  
  14  0:18  Pylon  
  14  0:21  Probe  
  15  0:32  Probe  
  15  0:37  Gateway  
  16  0:43  Probe  
  16  0:46  Assimilator  
  17  0:55  Probe  
  18  1:07  Probe  
  18  1:09  Pylon  
  19  1:15  Zealot  
  19  1:21  Gateway  
  21  1:25  Cybernetics Core  
  21  1:31  Pylon  
  21  1:41  Zealot  
  23  1:51  Probe  
  24  2:08  Adept  
  24  2:09  Adept  
  24  2:10  Warp Gate  
  26  2:33  Nexus, Adept  
  27  2:42  Adept  
  30  2:46  Probe  
  31  2:54  Pylon  
  31  3:01  Assimilator  
  31  3:26  Probe  
  26  3:34  Probe  
  26  3:35  Twilight Council  
  26  3:37  Stalker  
  27  3:42  Probe  
  28  3:55  Probe x2  
  30  3:58  Robotics Facility  
  30  4:04  Probe  
  30  4:06  Probe  
  30  4:09  Adept  
  30  4:12  Probe  
  30  4:14  Resonating Glaives, Probe  
  31  4:20  Gateway  
  31  4:21  Probe  
  31  4:23  Probe  
  34  4:33  Probe  
  34  4:34  Probe  
  36  4:39  Gateway  
  36  4:51  Warp Prism  
  39  4:56  Adept  
  39  4:58  Adept  
  42  5:01  Probe x2  
  44  5:09  Pylon  
  44  5:13  Probe x2  
  46  5:17  Adept  
  46  5:18  Adept  
  46  5:20  Observer  
  50  5:25  Probe  
  50  5:26  Probe  
  53  5:37  Probe  
  53  5:40  Adept x4  
  62  5:44  Pylon  
  62  5:46  Pylon  
  62  5:55  Pylon  
  62  6:04  Probe  
  62  6:07  Adept x2  
  66  6:15  Probe  
  66  6:16  Probe  
  64  6:19  Immortal  
  64  6:23  Adept x2  
  66  6:27  Probe  
  66  6:29  Probe  
  66  6:39  Probe  
  57  6:41  Adept x2, Probe  
  62  6:47  Adept x2  
  62  6:51  Immortal  
  62  6:53  Probe  
  68  6:56  Blink  
  69  7:02  Assimilator  
  69  7:03  Assimilator  
  69  7:10  Probe  
  69  7:13  Pylon  
  70  7:17  Pylon  
  70  7:21  Adept x4  
  70  7:22  Immortal  
  82  7:43  Nexus  
  82  7:45  Pylon  
  82  7:56  Sentry x2, Gateway  
  82  7:57  Gateway  
  78  8:25  Stalker x4  
  90  8:34  Immortal, Probe x2  
  90  8:38  Pylon  
  90  8:52  Stalker x2  
  90  8:53  Probe x2  
  90  8:54  Stalker x4  
  103  8:58  Probe  
  103  9:01  Probe x2  
  105  9:06  Forge  
  107  9:10  Probe  
  107  9:12  Probe  
  107  9:13  Templar Archives  
  107  9:16  Probe  
  109  9:22  Probe  
  109  9:23  Pylon  
  111  9:24  Assimilator  
  111  9:27  Probe  
  111  9:28  Stalker, Assimilator  
  113  9:39  Stalker x2  
  113  9:41  Stalker, Protoss Ground Weapons Level 1  
  115  9:46  Stalker  
  115  9:49  Stalker  
  115  9:51  Probe x3  
  118  9:59  Probe x2  
  118  10:03  Probe  
  121  10:07  Probe  
  121  10:12  Stalker x2  
  122  10:19  Sentry, Stalker x2  
  124  10:35  Probe  
  123  10:44  Stalker x2  
  115  10:55  Stalker x4  
  107  10:57  Immortal  
  97  11:07  Shield Battery  
  97  11:09  Stalker x2  
  105  11:13  Gateway x2  
  105  11:20  High Templar x4  
  105  11:24  Archon x2, Probe x2  
  105  11:25  Probe  
  116  11:31  Pylon  
  116  11:33  Stalker x2  
  116  11:36  Probe  
  116  11:52  Immortal  
  112  11:59  Stalker  
  112  12:00  Stalker x5  
  128  12:10  Pylon  
  128  12:19  Adept x2  
  132  12:24  Nexus  
  132  12:31  Stalker x2  
  132  12:32  High Templar  
  132  12:33  Probe  
  132  12:35  Probe  
  138  12:38  High Templar  
  140  12:45  Pylon  
  140  12:46  Pylon  
  140  12:47  Pylon  
  140  12:51  Pylon  
  140  12:53  Probe  
  141  13:03  Probe, Zealot x2  
  146  13:12  Zealot x4  
  149  13:14  High Templar  
  149  13:16  High Templar  
  153  13:23  High Templar  
  155  13:32  Archon x2  
Tags
 
Add a new tag
Caveats
  • Supply blocks, unpowered buildings, or Contaminate may cause inaccurate times.
  • Supply counts are checked every 10 seconds.